 Dungeon Crawl Stone Soup version 0.27-a0-1273-gec92ba881d (webtiles) character file.

Game seed: 3991520923413187613

37 mordus the Poker (level 3, 0/31 HPs)
             Began as a Draconian Monk on June 11, 2021.
             Succumbed to an adder's poison
             ... on level 2 of the Dungeon.
             The game lasted 00:00:59 (1315 turns).

mordus the Poker (Draconian Monk)                   Turns: 1315, Time: 00:00:59

Health: 0/31       AC:  5    Str: 14    XL:     3   Next: 23%
Magic:  3/3        EV: 12    Int: 10    God:
Gold:   174        SH:  0    Dex: 13    Spells: 2/2 levels left

rFire    . . .     SeeInvis .   a - +0 spear
rCold    . . .     Faith    .   (no shield)
rNeg     . . .     Spirit   .   (armour unavailable)
rPois    .         Reflect  .   (helmet restricted)
rElec    .         Harm     .   (no cloak)
rCorr    .         Rampage  .   (no gloves)
Will     .....                  (no boots)
Stlth    ++........             (no amulet)
HPRegen  0.10/turn              (no ring)
MPRegen  0.08/turn              (no ring)

@: lethally poisoned (0 -> -11)
A: AC +5, unfitting armour, cold-blooded
a: no special abilities


You were on level 2 of the Dungeon.
You visited 1 branch of the dungeon, and saw 2 of its levels.

You collected 174 gold pieces.

Inventory:

Hand Weapons
 a - a +0 spear (weapon)
Jewellery
 e - an amulet of regeneration
Scrolls
 c - a scroll of teleportation {unknown}
 d - a scroll of identify {unknown}
 g - a scroll of silence {unknown}
Potions
 b - a potion of ambrosia {unknown}
 f - a potion of haste {unknown}


   Skills:
 - Level 3.2 Fighting
 + Level 4.4 Polearms
 - Level 2.6 Dodging
 - Level 1.7 Stealth


You had 2 spell levels left.
You didn't know any spells.
Your spell library was empty.

Dungeon Overview and Level Annotations

Branches:
Dungeon (2/15)

Altars:

Annotations:
D:2 Jessica


Innate Abilities, Weirdness & Mutations

Your plain brown scales are hard. (AC +5)
You cannot fit into any form of body armour.
You are cold-blooded and may be slowed by cold attacks.


Message History

You are poisoned.
The adder poisons you! The adder bites you but does no damage.
You feel sick.
You feel sick.
You feel sick.
You feel sick. The adder misses you.
You feel sick.
You feel sick.
Jessica gestures wildly while chanting.
Jessica blinks!
You feel sick.
You are no longer poisoned.
The adder bites you.
You closely miss the adder. The adder barely misses you.
You closely miss the adder.
Your tail-slap misses the adder.
The adder bites you.
You hit the adder but do no damage. The adder bites you.
* * * LOW HITPOINT WARNING * * *
You barely miss the adder. The adder bites you but does no damage.
The adder misses you.
You hit the adder.
The adder is heavily wounded.
The adder closely misses you.
You hit the adder but do no damage.
The adder is heavily wounded.
The adder bites you.
* * * LOW HITPOINT WARNING * * *
You are poisoned.
The adder poisons you!
You miss the adder.
The adder is heavily wounded.
You feel sick. The adder bites you.
* * * LOW HITPOINT WARNING * * *
You are more poisoned.
The adder poisons you!
Jessica gestures wildly while chanting.
Jessica seems to speed up.
You completely miss the adder. You tail-slap the adder.
The adder is heavily wounded.
You die...

#.........# #...
#.........# #..<
#.........# ######
#.........# ......
#.........# ######
####......# #..##.##
#...#.# #.#@#.#
#.#S#.# #.#K#.#
#.#@#.# ###.#...#
#..†....#
#.......########
#..............#
#####..............#


You could see an adder, Jessica (fast) and a kobold.

Vanquished Creatures
  An adder (D:2)
  A worm (D:2)
  A dart slug (D:1)
  A bat (D:1)
  An endoplasm (D:2)
  A giant cockroach (D:1)
  5 goblins
  2 hobgoblins (D:1)
  3 ball pythons (D:1)
  3 frilled lizards (D:1)
  3 kobolds
  A rat (D:1)
23 creatures vanquished.

Notes
Turn   | Place    | Note
-------+----------+-------------------------------------------
     0 | D:1      | mordus the Draconian Monk began the quest for the Orb.
     0 | D:1      | Reached XP level 1. HP: 19/19 MP: 1/1
   360 | D:1      | Reached XP level 2. HP: 22/26 MP: 2/2
   779 | D:1      | Reached skill level 4 in Polearms
  1065 | D:2      | Reached XP level 3. HP: 22/31 MP: 3/3
  1288 | D:2      | Noticed Jessica
  1315 | D:2      | Succumbed to an adder's poison

Illustrated notes

Levels and vault maps discovered:
D:1:      lemuel_arrival_room, layout_rooms, serial_curves, eino_curves_01,
          eino_curves_01, minmay_misc_feat_hallway, minmay_cut_off
D:2:      layout_basic, ebering_ecumenical_altar_rust, nrook_loot_triangle,
          uniq_jessica

Skill      XL: |  1  2 |
---------------+-------+-----
Polearms       | 4 |  4.4
Fighting       | |  3.2
Dodging        | |  2.6
Stealth        | |  1.7

Action                   || total
-------------------------++-------
Melee: Spear             ||   105
       Tailslap          ||    11
 Stab: Distracted        ||     1
Armor: Skin              ||    16
Dodge: Dodged            ||    48

Table legend: (Time is in decaauts)
 A = Elapsed time spent in this place.
 B = Non-inter-level travel time spent in this place.
 C = Inter-level travel time spent in this place.
 D = Time resting spent in this place.
 E = Time spent auto-exploring this place.
 F = Levels seen in this place.
 G = Mean time per level.
                   A        B        C        D        E       F      G
               +--------+--------+--------+--------+--------+-----+--------+
         Total |   1305 |   1263 |     42 |     89 |    975 |   2 |  652.5 |
       Dungeon |   1305 |   1263 |     42 |     89 |    975 |   2 |  652.5 |
               +--------+--------+--------+--------+--------+-----+--------+

Top non-repeatable levels by time:
     D:1: 935 daAuts
     D:2: 370 daAuts
